Map: [ESL] Inside and Out

Players

ShoWTimE

  • Race: Protoss Protoss
  • Spawn Location: 1:00

herO - Winner!

  • Race: Protoss Protoss
  • Spawn Location: 7:00

Event: DreamHack SC2 Masters 2022 Valencia

VOD

Have the link to the VOD?

Description

Time

  • Played on: July 2, 2022, 7:22 a.m.
  • Length: 4:35

All games in this series

Show
View Real Time Build Order
Export as new Build Order

ShoWTimE Protoss 

Build Orders: 1 Gate Expand, Oracle Opening 

Get SALT Encoding   

  12  0:00  Probe  
  13  0:12  Probe  
  14  0:18  Pylon  
  14  0:24  Probe (Chrono Boost)  
  15  0:36  Probe (Chrono Boost)  
  15  0:37  Gateway  
  16  0:45  Probe (Chrono Boost)  
  16  0:46  Assimilator  
  17  0:51  Probe  
  18  1:03  Probe  
  19  1:15  Probe  
  20  1:24  Nexus  
  20  1:33  Cybernetics Core  
  20  1:36  Probe  
  21  1:42  Assimilator  
  21  1:48  Probe  
  21  1:52  Pylon  
  22  2:00  Probe  
  23  2:11  Stargate  
  23  2:13  Probe  
  24  2:20  Stalker (Chrono Boost)  
  26  2:25  Probe  
  27  2:30  Gateway  
  28  2:48  Pylon  
  28  2:58  Void Ray (Chrono Boost)  
  29  3:00  Shield Battery  
  29  3:05  Pylon  
  26  3:33  Oracle (Chrono Boost)  
  29  3:43  Gateway  
  29  3:48  Pylon  
  29  4:08  Pylon  
  29  4:29  Pylon  
Show
View Real Time Build Order
Export as new Build Order

herO Protoss - Winner!

Build Orders:  

Get SALT Encoding   

  12  0:00  Probe  
  13  0:12  Probe  
  14  0:17  Pylon  
  14  0:24  Probe  
  15  0:37  Probe (Chrono Boost), Gateway  
  16  0:44  Assimilator  
  16  0:49  Probe (Chrono Boost)  
  17  0:54  Probe (Chrono Boost)  
  18  0:59  Pylon  
  18  1:04  Probe  
  19  1:18  Gateway  
  20  1:24  Cybernetics Core  
  19  1:30  Assimilator  
  20  1:34  Zealot  
  20  1:37  Probe  
  22  1:49  Probe  
  23  2:01  Probe  
  23  2:02  Stalker (Chrono Boost)  
  23  2:05  Warp Gate (Chrono Boost)  
  28  2:10  Stalker (Chrono Boost)  
  29  2:17  Pylon  
  28  2:23  Stalker (Chrono Boost)  
  28  2:25  Probe  
  33  2:38  Stalker (Chrono Boost)  
  33  2:45  Stalker  
  33  2:54  Gateway  
  33  3:05  Stalker  
  35  3:23  Stalker  
  37  3:27  Pylon  
  37  3:43  Twilight Council  
  37  3:49  Stalker x2  
  37  3:55  Probe  
  42  4:01  Stalker  
  44  4:05  Pylon  
  43  4:21  Stalker x2  
  47  4:33  Stalker  

Tags
 
Add a new tag
Caveats
  • Supply blocks, unpowered buildings, or Contaminate may cause inaccurate times.
  • Supply counts are checked every 10 seconds.